 Dungeon Crawl Stone Soup version 0.30.1-9-gdf580d7c3d (webtiles) character file.

Game seed: 7001116336654418156

653 lonewolfV2 the Trooper (level 7, -10/56 HPs)
             Began as a Demonspawn Fighter on Oct 24, 2023.
             Mangled by an ogre
             ... wielding a +0 giant club
              (13 damage)
             ... on level 5 of the Dungeon.
             The game lasted 00:06:47 (3383 turns).

lonewolfV2 the Trooper (Demonspawn Fighter)         Turns: 3383, Time: 00:06:47

Health: -10/56     AC: 12    Str: 18    XL:     7   Next: 28%
Magic:  12/12      EV:  5    Int:  9    God:
Gold:   1159       SH:  8    Dex: 13    Spells: 12/12 levels left

rFire   + . .        w - +3 rapier of Valiance {freeze, SInv}
rCold   . . .        c - +0 buckler
rNeg    . . .        e - +1 plate armour
rPois   .            (no helmet)
rElec   .            (no cloak)
rCorr   +            (no gloves)
SInv    +            (no boots)
Will    .....        s - amulet of magic regeneration Stlth
                     g - ring of resist corrosion
HPRegen 0.29/turn    o - ring of protection from fire
MPRegen 0.66/turn

%: no passive effects
@: mighty
A: hooves 2, magic regeneration, condensation shield
a: no special abilities


You were on level 5 of the Dungeon.
You visited 1 branch of the dungeon, and saw 5 of its levels.

You collected 1159 gold pieces.

Inventory:

Hand Weapons
 a - a +1 war axe
 w - the +3 rapier of Valiance (weapon) {freeze, SInv}
   (You found it on level 3 of the Dungeon)

   SInv:      It lets you see invisible.
Missiles
 f - 2 throwing nets (quivered)
Armour
 b - a +0 scale mail
 c - a +0 buckler (worn)
 e - a +1 plate armour (worn)
 k - the +1 leather armour "Qexkyrumem" {rN++}
   (You found it on level 3 of the Dungeon)

   rN:        It greatly protects you from negative energy.
Jewellery
 g - a ring of resist corrosion (left hand)
 o - a ring of protection from fire (right hand)
 s - an amulet of magic regeneration (around neck)
Scrolls
 i - 4 scrolls of blinking
 p - a scroll of enchant armour
 q - a scroll of identify
 r - 3 scrolls of teleportation
 u - a scroll of poison
 v - 3 scrolls of enchant weapon
 x - a scroll of vulnerability {unknown}
Potions
 d - a potion of might
 h - a potion of degeneration
 j - 2 potions of mutation
 l - a potion of haste
 m - a potion of invisibility
 n - a potion of lignification {unknown}
 t - a potion of heal wounds {unknown}
 z - a potion of berserk rage {unknown}
 A - a potion of resistance {unknown}


   Skills:
 + Level 5.4 Fighting
 * Level 3.8 Short Blades
 - Level 2.9 Axes
 - Level 2.6 Armour
 - Level 2.6 Shields
 + Level 3.3 Spellcasting


You had 12 spell levels left.
You didn't know any spells.
Your spell library contained the following spells:

 Spells                   Type           Power      Damage    Failure   Level
 Poisonous Vapours        Pois/Air       2%         N/A       100%        2
 Dazzling Flash           Conj/Hex       2%         N/A       100%        3
 Mephitic Cloud           Conj/Pois/Air  1%         N/A       100%        3
 Volatile Blastmotes      Fire/Tloc      2%         2d10      100%        3
 Iskenderun's Mystic Bla  Conj/Tloc      1%         2d3       100%        4
 Freezing Cloud           Conj/Ice/Air   0%         6-21      100%        5
 Starburst                Conj/Fire      0%         6d3       100%        6


Dungeon Overview and Level Annotations

Branches:
Dungeon (5/15)
 Temple: D:4-7

Altars:


Innate Abilities, Weirdness & Mutations

You have hoof-like feet.
You regenerate magic rapidly.
A meltable shield of frost defends you. (SH +4)


Message History

The ice beast is heavily wounded.
The ice beast hits you but does no damage.
You hit the ice beast.
The ice beast is severely wounded.
You block the ice beast's attack.
You barely miss the ice beast.
The ice beast is severely wounded.
The ice beast hits you. The ice beast freezes you!
You barely miss the ice beast.
The ice beast is severely wounded.
The ice beast barely misses you.
You closely miss the ice beast. Your kick misses the ice beast.
The ice beast is severely wounded.
The ice beast hits you but does no damage.
You barely miss the ice beast.
The ice beast is severely wounded.
The ice beast hits you. The ice beast freezes you!
You hit the ice beast. You kick the ice beast.
The ice beast is severely wounded.
The ice beast hits you but does no damage.
You closely miss the ice beast. You kick the ice beast.
The ice beast is almost dead.
You block the ice beast's attack.
You hit the ice beast.
You kill the ice beast!
You hit the ogre but do no damage. You kick the ogre, but do no damage.
The ogre barely misses you.
You puncture the ogre! You freeze the ogre. You kick the ogre.
The ogre is heavily wounded.
The ogre hits you with a +0 giant club!!
* * * LOW HITPOINT WARNING * * *
You hit the ogre but do no damage. You kick the ogre.
The ogre is heavily wounded.
You hit the ogre but do no damage. Your kick misses the ogre.
The ogre is heavily wounded.
The ogre hits you with a +0 giant club!
* * * LOW HITPOINT WARNING * * *
You feel very mighty all of a sudden. The ogre hits you with a +0 giant club!
You die...

. .. ... #### O...
....###### .....
#.........######......
.........).@O.......
[.........###.#....
#..#####..## # .
######.######..#.####
.....................
#######..............
###...........###
#<..>#######...#
.....##.# .....


You could see an ogre.

Vanquished Creatures
  An ice beast (D:5)
  A kobold brigand (D:3)
  2 scorpions (D:5)
  2 jellies
  A hound (D:4)
  2 orc priests
  An orc wizard (D:5)
  3 gnolls (D:3)
  4 adders
  An ufetubus (D:5)
  2 worms
  6 orcs
  11 endoplasms
  4 giant cockroaches
  10 goblins
  8 hobgoblins
  20 jackals
  18 kobolds
  6 quokkas
  7 ball pythons
  5 bats
  A frilled lizard (D:1)
  2 rats (D:1)
118 creatures vanquished.

Notes
Turn   | Place    | Note
-------+----------+-------------------------------------------
     0 | D:1      | lonewolfV2 the Demonspawn Fighter began the quest for the
                  | Orb.
     0 | D:1      | Reached XP level 1. HP: 18/18 MP: 1/1
   159 | D:1      | Gained mutation: You have large cloven feet. [demonic
                  | ancestry]
   159 | D:1      | Reached XP level 2. HP: 23/24 MP: 2/2
   210 | D:1      | Found a faded altar of an unknown god.
   371 | D:1      | Reached skill level 1 in Spellcasting
   610 | D:1      | Gained mutation: You have hoof-like feet. [demonic
                  | ancestry]
   610 | D:1      | Reached XP level 3. HP: 29/29 MP: 4/4
   879 | D:2      | Reached skill level 4 in Fighting
   879 | D:2      | Gained mutation: A meltable shield of frost defends you.
                  | (SH +4) [demonic ancestry]
   879 | D:2      | Reached XP level 4. HP: 36/37 MP: 4/6
  1432 | D:3      | Identified the +1 leather armour "Qexkyrumem" {rN++}
  1714 | D:3      | Identified the +3 rapier of Valiance {freeze, SInv}
  1865 | D:3      | Reached XP level 5. HP: 43/43 MP: 7/7
  1885 | D:3      | Reached skill level 1 in Short Blades
  1895 | D:3      | HP: 2/43 [poisoned by a kobold brigand]
  2211 | D:4      | Gained mutation: You regenerate magic rapidly. [demonic
                  | ancestry]
  2211 | D:4      | Reached XP level 6. HP: 46/50 MP: 9/9
  2395 | D:4      | Identified the +0 robe of the Other Side {Will+}
  2708 | D:5      | Entered Level 5 of the Dungeon
  2723 | D:5      | Reached skill level 5 in Fighting
  3118 | D:5      | Reached XP level 7. HP: 49/56 MP: 11/11
  3118 | D:5      | Identified a scroll of acquirement
  3118 | D:5      | Acquired 962 gold pieces
  3383 | D:5      | Mangled by an ogre

Illustrated notes

Levels and vault maps discovered:
D:1:      dpeg_arrival_simpleton_a, layout_basic,
          shapermc_ecumenical_altar_pompeii, chequers_serial_rivers_micro_a
D:2:      layout_loops_ring, kennysheep_generic_room_7
D:3:      cheibrodos_thug_alley, layout_rooms
D:4:      layout_rooms, chequers_arboretum, patterned_corridor
D:5:      layout_rooms, serial_shops, nicolae_shop_crystal

Skill      XL: |  1  2  3  4  5  6 |
---------------+-------------------+-----
Axes           | 2 |  2.9
Spellcasting   | 1 2 3 |  3.3
Fighting       | 4 5 |  5.4
Short Blades   | 2 3 |  3.8
Armour         | |  2.6
Shields        | |  2.6

Action                     |  1- 3 |  4- 6 |  7- 9 || total
---------------------------+-------+-------+-------++-------
  Melee: War axe           |    84 |    84 |       ||   168
         Kick              |    12 |    43 |     7 ||    62
         Rapier            |       |    93 |    22 ||   115
    Use: Scroll            |       |    14 |     1 ||    15
         Potion            |       |     2 |     1 ||     3
 Armour: Plate armour      |   100 |   151 |    11 ||   262
         Scale mail        |     1 |       |       ||     1
  Dodge: Dodged            |    38 |    62 |     3 ||   103
  Block: Buckler           |    26 |   104 |     3 ||   133
